AoeStats
← Zeraffe

Arena

505014466Analyzed
1v1 RM · 23d ago on Sep 7, 2026· 51m 42s· 2 players
Game mode
Random Map
Map size
Tiny (2 player)
Population
200
Speed
Normal
Resources
Standard
Victory
Conquest
Starting age
Dark Age
Ending age
Imperial Age
RankedLock teamsTeams togetherTeam positionsShared explorationLock speedFull tech treeHidden civsTurbo modeCheats
Victory
Defeat
🇮🇳 Dravidians · India
986
+15
🇪🇸 Japanese · Spain
963
-15
Fernandez Sama
10:52 Feudal Age
14:36 Castle Age
12:23 Loom
12:44 Double-Bit Axe
12:44 Horse Collar
14:57 Wheelbarrow
15:37 Bow Saw
16:01 Heavy Plow
18:06 Scale Mail Armor
19:14 Forging
25:04 Gold Mining
25:05 Stone Mining
25:53 Hand Cart
28:36 Chain Mail Armor
28:56 Iron Casting
34:07 Imperial Age
32:04 Squires
31:49 Arson
35:59 Two-Man Saw
34:31 Capped Ram
39:20 Conscription
41:01 Blast Furnace
40:31 Plate Mail Armor
43:27 Thumb Ring
42:43 Elite Skirmisher
42:48 Elite Samurai
42:58 Elite Samurai
43:39 Fletching
43:50 Padded Archer Armor
43:58 Padded Archer Armor
45:25 Bodkin Arrow
45:46 Leather Archer Armor
46:38 Chemistry
45:59 Ballistics
45:50 Siege Engineers
46:54 Bracer
47:44 Ring Archer Armor
49:13 Town Watch
Zeraffe
11:19 Feudal Age
13:16 Horse Collar
13:24 Double-Bit Axe
16:25 Castle Age
15:02 Town Watch
15:26 Gold Mining
17:36 Heavy Plow
18:34 Bow Saw
20:25 Loom
22:17 Wheelbarrow
21:27 Loom
22:21 Wheelbarrow
25:52 Masonry
25:54 Fortified Wall
25:57 Masonry
26:59 Fletching
30:53 Bodkin Arrow
34:53 Imperial Age
32:45 Stone Mining
33:04 Padded Archer Armor
33:36 Ballistics
34:36 Hand Cart
34:09 Town Watch
34:48 Leather Archer Armor
35:06 Thumb Ring
36:36 Chemistry
35:59 Bracer
40:39 Ring Archer Armor
44:20 Medical Corps
46:01 Elite Elephant Archer
49:05 Forging
49:01 Scale Barding Armor
48:41 Light Cavalry
52:03 Iron Casting
51:49 Chain Barding Armor
Connection lost

Rejoining the realm…

Still unreachable

The connection could not be restored.

Session expired

The server has moved on; the page needs a fresh start.